 Dungeon Crawl Stone Soup version 0.23.2-1-ga50397a (webtiles) character file.

Game seed: 13192172910608942665

386 Goblin1989 the Cudgeler (level 6, -2/49 HPs)
             Began as a Demonspawn Arcane Marksman on Apr 26, 2019.
             Was an Initiate of Ru.
             Slain by a worker ant (4 damage)
             ... on level 4 of the Dungeon on Apr 30, 2019.
             The game lasted 00:08:59 (3934 turns).

Goblin1989 the Cudgeler (DsAM)                      Turns: 3934, Time: 00:09:00

Health: -2/49      AC:  5    Str: 10 (13) XL:     6   Next: 48%
Magic:  7/7        EV: 15    Int: 13 (14) God:    Ru [......]
Gold:   172        SH:  6    Dex: 17 (18) Spells: 6/7 levels left

rFire    . . .     SeeInvis .   b - +0 whip
rCold    . . .     Gourm    .   n - +0 buckler (curse)
rNeg     . . .     Faith    .   y - +0 ring mail
rPois    +         Spirit   .   (helmet restricted)
rElec    .         Reflect  .   B - scarf {cloud immunity}
rCorr    .         Harm     .   (no gloves)
MR       .....                  (no boots)
Stlth    ++........             (no amulet)
HPRegen  0.56/turn              u - ring of wizardry
MPRegen  0.10/turn              (no ring)

@: agile, lethally poisoned (-2 -> -2)
A: horns 1, talons 1, frail 1, poison resistance, powered by death 1,
regeneration 1
a: Renounce Religion


You were on level 4 of the Dungeon.
You worshipped Ru.
Ru was noncommittal.
You were hungry.

You visited 1 branch of the dungeon, and saw 4 of its levels.

You collected 172 gold pieces.

Inventory:

Hand Weapons
 a - a +0 hunting sling
 b - a +0 whip (weapon)
 x - a +0 flail
 z - a +1 dagger of electrocution
Missiles
 d - 11 sling bullets
 g - 107 stones (quivered) {@Q3}
Armour
 n - a cursed +0 buckler (worn)
 y - a +0 ring mail (worn)
 B - a scarf of cloud immunity (worn)
Jewellery
 u - a ring of wizardry (left hand)
Wands
 F - a wand of digging (6) {@v1}
Scrolls
 l - 2 scrolls of teleportation {unknown}
 m - 2 scrolls of magic mapping {unknown}
 r - 3 scrolls of identify {unknown}
 t - a scroll of random uselessness {unknown}
 v - a scroll of noise {unknown}
 w - 2 scrolls of enchant armour {unknown}
 D - a scroll of remove curse {unknown}
Potions
 h - a potion of degeneration
 i - a potion of magic
Comestibles
 e - 2 rations


   Skills:
 + Level 7.5 Fighting
 * Level 7.8 Maces & Flails
 - Level 1.7 Slings
 - Level 1.7 Dodging
 - Level 5.6 Shields
 - Level 1.0 Spellcasting
 - Level 3.0 Hexes


You had 6 spell levels left.
You knew the following spells:

 Your Spells              Type           Power        Failure   Level  Hunger
a - Corona                Hex            #......      9%          1    ##.....

Your spell library contained the following spells:

 Spells                   Type           Power        Failure   Level  Hunger
 Slow                     Hex            #.......     13%         2    ###....
 Inner Flame              Hex/Fire       #.......     41%         3    ####...
 Portal Projectile        Hex/Tloc       #.....       41%         3    ####...
 Cause Fear               Hex            #.........   61%         4    #####..
 Leda's Liquefaction      Hex/Erth       #.........   80%         4    #####..


Dungeon Overview and Level Annotations

Branches:
Dungeon (4/15)
 Temple: D:4-7

Altars:
Ru
The Shining One


Innate Abilities, Weirdness & Mutations

You have a pair of small horns on your head.
You regenerate a little health from kills.
You have sharp toenails.
You are frail. (-10% HP)
Your system is resistant to poisons. (rPois)
Your natural rate of healing is unusually fast.


Message History

You regained 17 hp, and now have 32/43 hp.
You start resting.
HP restored.
Health restored: 43 You climb downwards.
You block the worker ant's attack. The worker ant barely misses you.
There is a stone staircase leading up here.
Unknown command.
Casting: Corona (safe; 9% risk of failure)
Confirm with . or Enter, or press ? or * to list all spells.
Aiming: Corona (safe; 9% risk of failure)
Press: ? - help, Shift-Dir - straight line, f - worker ant
Aim: a worker ant (chance to defeat MR: 52%)
The worker ant struggles to resist.
The worker ant bites you!
You take 7 damage, and have 36/43 hp.
You now have 5/6 mp.
Casting: Corona (safe; 9% risk of failure)
Confirm with . or Enter, or press ? or * to list all spells.
Aiming: Corona (safe; 9% risk of failure)
Press: ? - help, Shift-Dir - straight line, f/p - worker ant
Aim: a worker ant (chance to defeat MR: 52%)
The worker ant struggles to resist.
The worker ant closely misses you.
You now have 4/6 mp.
Casting: Corona (safe; 9% risk of failure)
Confirm with . or Enter, or press ? or * to list all spells.
Aiming: Corona (safe; 9% risk of failure)
Press: ? - help, Shift-Dir - straight line, f/p - worker ant
Aim: a worker ant (chance to defeat MR: 52%)
The worker ant is outlined in light.
The worker ant bites you but does no damage.
The worker ant bites you.
You take 5 damage, and have 31/43 hp.
You now have 3/6 mp.
You hit the worker ant but do no damage.
The worker ant bites you.
You take 5 damage, and have 26/43 hp.
You hit the worker ant. Your headbutt misses the worker ant.
The worker ant is lightly wounded.
You block the worker ant's attack.
You hit the worker ant.
You headbutt the worker ant, but do no damage.
The worker ant is lightly wounded.
The worker ant bites you.
You are poisoned.
The worker ant poisons you!
You take 4 damage, and have 23/43 hp.
You hit the worker ant. Your headbutt misses the worker ant.
The worker ant is heavily wounded.
You feel sick. The worker ant bites you.
The worker ant bites you but does no damage.
You take 2 damage, and have 21/43 hp.
You hit the worker ant but do no damage.
The worker ant is heavily wounded.
You feel sick. The worker ant bites you.
* * * LOW HITPOINT WARNING * * *
You take 7 damage, and have 14/43 hp.
You hit the worker ant.
The worker ant is heavily wounded.
The worker ant bites you.
* * * LOW HITPOINT WARNING * * *
You take 6 damage, and have 8/43 hp.
You hit the worker ant but do no damage.
Your headbutt misses the worker ant.
The worker ant is heavily wounded.
You feel sick.
The worker ant stops glowing.
The worker ant waves its antennae.
The worker ant bites you but does no damage.
The worker ant closely misses you.
You take 1 damage, and have 7/43 hp.
It was a potion of degeneration.
There was something very wrong with that liquid.
You feel weakened.
You feel dopey.
You feel clumsy. The worker ant closely misses you.
Unknown command.
It was a potion of magic.
Magic courses through your body.
You feel sick. You block the worker ant's attack.
MP restored: 6 Unknown command.
It was a potion of mutation.
You feel extremely strange.
You feel resistant to poisons.
You feel frail.
Your toenails lengthen and sharpen.
You begin to heal more quickly.
The worker ant bites you.
* * * LOW HITPOINT WARNING * * *
You take 6 damage, and have 1/38 hp.
Unknown command.
It was a potion of agility.
You feel agile all of a sudden. The worker ant closely misses you.
Unknown command.
It was a potion of experience.
You feel more experienced!
Training target 4.0 for Shields reached!
Your Fighting skill gained 3 levels and is now at level 7!
Your Maces & Flails skill gained 6 levels and is now at level 7!
Your Shields skill gained 4 levels and is now at level 5!
You have reached level 6!
Your experience leads to an increase in your attributes!
Your base attributes are Str 12, Int 14, Dex 13.
Increase (S)trength, (I)ntelligence, or (D)exterity?
You feel stronger.
You feel sick. The worker ant bites you.
You die... █ █.████ █..(.█ ██████

█.█ █....█
█.█ █.██.█
█.███.██.█
█.....██a█
█.██████@█
███ ███


You could see a worker ant.

Vanquished Creatures
  A hound (D:4)
  An orc priest (D:3)
  Jessica (D:2)
  4 adders
  An ooze (D:2)
  3 worms
  2 dart slugs
  3 leopard geckos (D:2)
  5 orcs (D:3)
  3 giant cockroaches
  6 goblins
  6 hobgoblins
  A quokka (D:2)
  7 bats
  A frilled lizard (D:1)
  4 kobolds
  7 rats
56 creatures vanquished.

Notes
Turn   | Place    | Note
-------+----------+-------------------------------------------
     0 | D:1      | Goblin1989 the Demonspawn Arcane Marksman began the quest
                  | for the Orb.
     0 | D:1      | Reached XP level 1. HP: 15/15 MP: 2/2
   760 | D:1      | Gained mutation: You regenerate a little health from kills.
                  | [demonic ancestry]
   760 | D:1      | Reached XP level 2. HP: 22/22 MP: 3/3
  1625 | D:2      | Noticed Jessica
  1642 | D:2      | Killed Jessica
  1642 | D:2      | Reached XP level 3. HP: 22/29 MP: 4/4
  1871 | D:2      | Reached XP level 4. HP: 37/37 MP: 5/5
  2033 | D:2      | Found a glowing golden altar of the Shining One.
  2912 | D:3      | Reached skill level 1 in Shields
  2929 | D:3      | Gained mutation: You have a pair of small horns on your
                  | head. [demonic ancestry]
  2929 | D:3      | Reached XP level 5. HP: 40/43 MP: 6/6
  3277 | D:3      | Found a sacrificial altar of Ru.
  3288 | D:3      | Became a worshipper of Ru the Awakened
  3682 | D:4      | Reached skill level 1 in Maces & Flails
  3932 | D:4      | Gained mutation: Your system is resistant to poisons.
                  | (rPois) [potion of mutation]
  3932 | D:4      | Gained mutation: You are frail. (-10% HP) [potion of
                  | mutation]
  3932 | D:4      | Gained mutation: You have sharp toenails. [potion of
                  | mutation]
  3932 | D:4      | Gained mutation: Your natural rate of healing is unusually
                  | fast. [potion of mutation]
  3932 | D:4      | HP: 1/38 [worker ant (6)]
  3934 | D:4      | Reached skill level 5 in Shields
  3934 | D:4      | Reached XP level 6. HP: 2/49 MP: 7/7
  3934 | D:4      | Slain by a worker ant

Skill      XL: |  1  2  3  4  5 |
---------------+----------------+-----
Fighting       | 2 3 4 7 |  7.5
Shields        | 1 5 |  5.6
Maces & Flails | 7 |  7.8
Slings         | |  1.7
Dodging        | |  1.7
Spellcasting   | |  1.0
Hexes          | |  3.0

Action                   |  1- 3 |  4- 6 || total
-------------------------+-------+-------++-------
Melee: Whip              |     5 |    16 ||    21
       Headbutt          |       |     2 ||     2
 Fire: Hunting sling     |    81 |   186 ||   267
 Cast: Corona            |       |     5 ||     5
  Use: Potion            |       |     5 ||     5
  Eat: Ration            |     1 |       ||     1
       Chunk             |       |     5 ||     5
Armor: Robe              |    10 |     5 ||    15
       Ring mail         |       |    36 ||    36
Dodge: Dodged            |    13 |    73 ||    86
Block: Buckler           |     4 |    29 ||    33

Levels and vault maps discovered:
D:1:      ebering_trefoil_twist, layout_basic, wad_woods_river_04
D:2:      minmay_angry_zag, layout_basic, old_standard_altar, serial_forest,
          infiniplex_forest_corner_2, infiniplex_forest_lined_4_way,
          infiniplex_forest_straight_3, infiniplex_forest_clump_double,
          roderic_serpentine_path, uniq_jessica
D:3:      layout_rooms, hangedman_ru_absence
D:4:      layout_basic
